 Dungeon Crawl Stone Soup version 0.28.0 (webtiles) character file.

Game seed: 18233128943468324662

100 illibejiep the Slasher (level 5, -9/39 HPs)
             Began as a Human Gladiator on Feb 13, 2022.
             Was an Initiate of Elyvilon.
             Mangled by an iguana (10 damage)
             ... on level 5 of the Dungeon.
             The game lasted 00:11:58 (1240 turns).

illibejiep the Slasher (Human Gladiator)            Turns: 1240, Time: 00:11:59

Health: -9/39      AC:  6    Str: 17    XL:     5   Next: 3%
Magic:  5/5        EV: 12    Int:  8    God:    Elyvilon [......]
Gold:   18         SH:  0    Dex: 14    Spells: 4/4 levels left

rFire   . . .      SeeInvis .   a - +0 long sword
rCold   . . .      Faith    .   (no shield)
rNeg    . . .      Spirit   .   m - +0 ring mail
rPois   .          Reflect  .   c - +0 helmet
rElec   .          Harm     .   (no cloak)
rCorr   .          Rampage  .   (no gloves)
Will    .....                   (no boots)
Stlth   +.........              (no amulet)
HPRegen 0.13/turn               (no ring)
MPRegen 0.09/turn               (no ring)

@: no status effects
A: no striking features
a: Renounce Religion


You were on level 5 of the Dungeon.
You worshipped Elyvilon.
Elyvilon was noncommittal.
You visited 1 branch of the dungeon, and saw 5 of its levels.

You collected 18 gold pieces.

Inventory:

Hand Weapons
 a - a +0 long sword (weapon)
 e - a +0 whip
 f - a +0 spear
 g - a +0 club
 h - a +1 dagger of holy wrath
 k - a +0 dagger
 n - a +0 whip
 q - a +0 dagger
 r - a +0 mace
 s - a +0 dagger
 t - a +0 dagger
 u - a +0 short sword
 w - a +0 hand axe
 y - a +0 club
 z - a +0 short sword
 A - a +0 flail
Missiles
 d - 3 throwing nets (quivered)
 o - a stone
 p - 14 poisoned darts
Armour
 b - a +0 leather armour
 c - a +0 helmet (worn)
 j - a +0 leather armour
 m - a +0 ring mail (worn)
 v - a +0 leather armour
Scrolls
 B - a scroll of fog {unknown}
Potions
 i - 2 potions of attraction
 l - a potion of curing


   Skills:
 + Level 2.5 Fighting
 + Level 4.2 Long Blades
 + Level 2.1 Throwing
 + Level 1.3 Armour
 + Level 3.5 Dodging
 + Level 0.1 Stealth


You had 4 spell levels left.
You didn't know any spells.
Your spell library was empty.

Dungeon Overview and Level Annotations

Branches:
Dungeon (5/15)             Temple (0/1) D:4

Altars:
Elyvilon

Annotations:
D:4 Edmund


Message History

You hit the adder.
The adder is lightly wounded.
The adder bites you. The iguana barely misses you. The adder bites you.
You are poisoned.
The adder poisons you!
You slash the adder!
The adder is severely wounded.
You feel sick. The adder closely misses you. The iguana bites you.
You barely miss the adder.
The adder is severely wounded.
You feel sick. The adder misses you. The iguana barely misses you.
The adder misses you.
You slash the adder!
You kill the adder!
You feel sick.
You are no longer poisoned.
The iguana closely misses you. The orc hits you but does no damage.
The iguana bites you.
* * * LOW HITPOINT WARNING * * *
You have reached level 5!
You barely miss the orc. The orc hits you but does no damage.
The iguana bites you but does no damage.
You barely miss the orc. The orc hits you but does no damage.
The iguana misses you.
You hit the orc.
The orc is severely wounded.
The orc hits you but does no damage. The iguana barely misses you.
The orc barely misses you.
You hit the orc.
You kill the orc!
The iguana bites you!
* * * LOW HITPOINT WARNING * * *
Items here: ! ) [ †.
(D) Dungeon (T) Temple
Where to? (Enter - D:5 @ (x,y), ? - help)
Okay, then.
Unknown command.
l - a potion of curing The iguana bites you!
You die...

.## ###.... #. ..#
#.... #.. #.####..####
#.## #.##..<....#.
##...####.#..††.......
.#.......#..........>..
.........#.............
......<.l).............
.......@#..............
.....#.................
#.##...##.#............
#.## ..#...#.....#. ...
....(.....##.. ...
........... ##.
.......... .. ...


You could see an iguana.

Vanquished Creatures
  An orc priest (D:5)
  2 adders
  A worm (D:2)
  3 orcs
  6 ball pythons
  3 endoplasms
  A giant cockroach (D:1)
  7 goblins
  4 hobgoblins
  2 kobolds (D:1)
  A quokka (D:1)
  3 bats (D:1)
  3 frilled lizards
  8 rats
45 creatures vanquished.

Vanquished Creatures (others)
  5 plants (D:3)
5 creatures vanquished.

Grand Total: 50 creatures vanquished

Notes
Turn   | Place    | Note
-------+----------+-------------------------------------------
     0 | D:1      | illibejiep the Human Gladiator began the quest for the Orb.
     0 | D:1      | Reached XP level 1. HP: 16/16 MP: 1/1
   210 | D:1      | Reached XP level 2. HP: 17/22 MP: 2/2
   675 | D:1      | Reached XP level 3. HP: 25/27 MP: 3/3
   851 | D:2      | Found a white marble altar of Elyvilon.
   874 | D:2      | Became a worshipper of Elyvilon the Healer
   940 | D:2      | Reached skill level 4 in Long Blades
   940 | D:2      | Reached XP level 4. HP: 30/34 MP: 4/4
   955 | D:2      | HP: 1/34 [worm (3)]
  1084 | D:4      | Noticed Edmund
  1084 | D:4      | Found a staircase to the Ecumenical Temple.
  1101 | D:4      | Noticed an orc warrior
  1171 | D:5      | Entered Level 5 of the Dungeon
  1219 | D:5      | Reached skill level 1 in Armour
  1235 | D:5      | Reached XP level 5. HP: 9/39 MP: 5/5
  1238 | D:5      | HP: 1/39 [iguana (9)]
  1240 | D:5      | Mangled by an iguana

Illustrated notes

Levels and vault maps discovered:
D:1:      dpeg_arrival_oval, layout_loops_ring
D:2:      layout_basic, basic_altar, grunt_decor_junction,
          minmay_rat_gold_closets, uniq_sigmund
D:3:      layout_rooms, dilly_ecumenical_altar_fadedgnrine, serial_shops, shop,
          nicolae_shop_crystal, nicolae_shop_behind_doors, shop
D:4:      layout_loops_ring, minmay_temple_entry_stoned_glass,
          serial_park_tiny_pond, uniq_pikel, uniq_eustachio, uniq_blork_the_orc,
          uniq_edmund
D:5:      layout_rooms

Skill      XL: |  1  2  3  4 |
---------------+-------------+-----
Long Blades    | 4 |  4.2
Armour         | 1 |  1.3
Fighting       | |  2.5
Throwing       | |  2.1
Dodging        | |  3.5
Stealth        | |  0.1

Action                   |  1- 3 |  4- 6 || total
-------------------------+-------+-------++-------
Melee: Long sword        |    87 |    38 ||   125
       Punch             |     1 |     1 ||     2
  Use: Potion            |       |     3 ||     3
       Scroll            |       |     2 ||     2
Armor: Leather armour    |    14 |       ||    14
       Ring mail         |    14 |    14 ||    28
Dodge: Dodged            |    65 |    35 ||   100
